 Dungeon Crawl Stone Soup version 0.24.0-13-gcf9b3192b9 (webtiles) character file.

Game seed: 5084886613984623358, levelgen mode: deterministic

459 Metae the Skirmisher (level 6, 0/62 HPs)
             Began as a Deep Dwarf Fighter on Nov 8, 2019.
             Killed by divine providence
             ... invoked by an orc priest
              (11 damage)
             ... on level 4 of the Dungeon.
             The game lasted 00:21:12 (4135 turns).

Metae the Skirmisher (Deep Dwarf Fighter)           Turns: 4135, Time: 00:21:12

Health: 0/62       AC: 10    Str: 21    XL:     6   Next: 78%
Magic:  8/8        EV:  5    Int:  9    God:
Gold:   213        SH:  8    Dex: 12    Spells: 11/11 levels left

rFire    . . .     SeeInvis .   w - +2 spear
rCold    . . .     Gourm    .   c - +0 shield
rNeg     . . .     Faith    .   k - +0 chain mail
rPois    .         Spirit   .   (no helmet)
rElec    .         Reflect  .   (no cloak)
rCorr    .         Harm     .   j - +0 pair of gloves
MR       .....                  i - +0 pair of boots
Stlth    ..........             (no amulet)
HPRegen  0.00/turn              (no ring)
MPRegen  0.11/turn              (no ring)

@: lethally poisoned (0 -> 0), non-regenerating, drained
A: damage resistance, heal wounds, sense surroundings 1, no regeneration
a: Heal Wounds


You were on level 4 of the Dungeon.
You were not hungry.

You visited 1 branch of the dungeon, and saw 4 of its levels.

You collected 213 gold pieces.

Inventory:

Hand Weapons
 a - a +0 war axe
 b - a +0 hunting sling
 w - a +2 spear (weapon)
Missiles
 s - 90 stones (quivered)
Armour
 c - a +0 shield (worn)
 i - a +0 pair of boots (worn)
 j - a +0 pair of gloves (worn)
 k - a +0 chain mail (worn)
 r - a +0 scale mail
Wands
 p - a wand of random effects (25)
Scrolls
 h - a scroll of amnesia {unknown}
 m - a scroll of immolation {unknown}
 n - a scroll of enchant weapon {unknown}
 o - 2 scrolls of identify
 t - 2 scrolls of remove curse
 x - a scroll of teleportation {unknown}
Potions
 d - a potion of might
 e - a potion of lignification
 l - 2 potions of heal wounds {unknown}
 q - 2 potions of flight {unknown}
 u - a potion of agility {unknown}
 v - a potion of haste
Comestibles
 f - 3 rations
 g - a chunk of flesh


   Skills:
 + Level 6.1(4.9) Fighting
 - Level 2.1(1.1) Axes
 - Level 3.2(2.1) Armour
 - Level 3.2(2.1) Shields
 - Level 3.0(1.9) Spellcasting


You had 11 spell levels left.
You didn't know any spells.
Your spell library was empty.

Dungeon Overview and Level Annotations

Branches:
Dungeon (4/15)
 Temple: D:4-7

Altars:
Qazlal
Wu Jian
The Shining One


Innate Abilities, Weirdness & Mutations

You are resistant to damage.
You can heal yourself by infusing magical energy.
You passively map a small area around you.
You do not regenerate.


Message History

The scorpion poisons you!
You hit the worm.
The worm is moderately wounded.
The giant cockroach waves its antennae.
The scorpion stings you but does no damage.
You block the worm's attack.
You hit the worm.
The worm is heavily wounded.
The scorpion stings you but does no damage.
The worm barely misses you.
You hit the worm.
The worm is severely wounded.
You block the scorpion's attack.
You hit the worm.
The worm is almost dead.
The scorpion stings you but does no damage.
The worm bites you.
The orc priest mumbles some strange prayers to Beogh against you.
Beogh smites you!
You die...

#.#.....# * * ###[#.....######
#.. * ##...'....<+...>####
#..## ** #....#.....###.....#
..##. +#....##.####
#.....###.##.. *,,#..).##.#
#.........#... ,#....##'##
#............. **
#....#..o#####.........# ,
......'.oss@w.รท.........##,
,,###....#.oo#####..........##
##.###...# ######w.....## ,
..# #...# #$h...... ,
,....*#...# #........ , #...#
#w....... , *#...# *
*#.h...... , , #... * ,
......... ,, ,,........#


You could see a worm, a scorpion, 3 orc priests, an orc and a giant cockroach.

Vanquished Creatures
  A scorpion (D:4)
  3 wights (D:3)
  A howler monkey (D:4)
  An orc priest (D:4)
  Jessica (D:2)
  Ijyb (D:2)
  An orc wizard (D:4)
  4 adders
  3 oozes
  2 worms
  2 dart slugs
  2 orcs (D:4)
  9 bats
  5 giant cockroaches
  18 goblins
  8 hobgoblins
  3 jackals (D:2)
  7 frilled lizards
  9 kobolds
  5 rats
86 creatures vanquished.

Notes
Turn   | Place    | Note
-------+----------+-------------------------------------------
     0 | D:1      | Metae the Deep Dwarf Fighter began the quest for the Orb.
     0 | D:1      | Reached XP level 1. HP: 20/20 MP: 1/1
    31 | D:1      | Reached skill level 3 in Fighting
   124 | D:1      | Reached XP level 2. HP: 28/28 MP: 2/2
  1388 | D:2      | Reached XP level 3. HP: 20/36 MP: 3/3
  1412 | D:2      | Found an ornate altar of the Wu Jian Council.
  1476 | D:2      | Reached skill level 1 in Spellcasting
  1521 | D:2      | Noticed Jessica
  1536 | D:2      | Killed Jessica
  1536 | D:2      | Reached skill level 4 in Fighting
  1536 | D:2      | Reached XP level 4. HP: 42/44 MP: 4/6
  1712 | D:2      | Noticed Ijyb
  1719 | D:2      | Killed Ijyb
  1995 | D:2      | Reached XP level 5. HP: 46/51 MP: 8/8
  2209 | D:3      | Found a stormy altar of Qazlal.
  2317 | D:3      | Reached skill level 5 in Fighting
  2317 | D:3      | Reached XP level 6. HP: 45/61 MP: 10/10
  3654 | D:3      | Found a glowing golden altar of the Shining One.
  4127 | D:4      | Reached skill level 6 in Fighting
  4135 | D:4      | Killed from afar by an orc priest

Levels and vault maps discovered:
D:1:      mrwooster_arrival_statue_3, layout_loops_cross, roderic_lattice_a,
          minmay_pentomino_o4
D:2:      kennysheep_the_goblin_king, layout_basic, first_ration,
          lemuel_statue_altar, uniq_jessica
D:3:      minmay_evil_eye, layout_loops_cross, grunt_qazlal_clouds,
          nicolae_tso_carved_into_rock, kennysheep_generic_room_12
D:4:      layout_basic, regret_index_temple_of_mockery, lemuel_round_altar,
          minmay_ruined_shrine, uniq_crazy_yiuf_cottage

Skill      XL: |  1  2  3  4  5  6 |
---------------+-------------------+-----
Fighting       | 3 4 5 6 |  6.1
Spellcasting   | 1 2 3 |  3.0
Axes           | |  2.1
Armour         | |  3.2
Shields        | |  3.2

Action                   |  1- 3 |  4- 6 || total
-------------------------+-------+-------++-------
Melee: War axe           |   115 |   105 ||   220
       Spear             |       |   117 ||   117
 Fire: Hunting sling     |       |    11 ||    11
 Abil: Heal Wounds       |     1 |     3 ||     4
  Use: Scroll            |     2 |       ||     2
  Eat: Chunk             |     2 |     4 ||     6
       Ration            |       |     2 ||     2
Armor: Scale mail        |    24 |       ||    24
       Chain mail        |    35 |   154 ||   189
Dodge: Dodged            |    27 |    57 ||    84
Block: Shield            |    67 |   143 ||   210
